 Dungeon Crawl Stone Soup version 0.29.1-12-g30fa7ad0bf (webtiles) character file.

Game seed: 1264089788961731914

62 MacCMillion the Ruffian (level 3, -4/35 HPs)
             Began as a Troll Transmuter on Jan 4, 2023.
             Slain by a gnoll
             ... wielding a +0 club
              (7 damage)
             ... on level 2 of the Dungeon.
             The game lasted 00:03:41 (805 turns).

MacCMillion the Ruffian (Troll Transmuter)           Turns: 805, Time: 00:03:41

Health: -4/35      AC:  4    Str: 18    XL:     3   Next: 85%
Magic:  3/3        EV:  5    Int: 11    God:
Gold:   78         SH:  0    Dex: 10    Spells: 3/4 levels left

rFire   . . .      SeeInvis .     - Unarmed
rCold   . . .      Faith    .   (no shield)
rNeg    . . .      Spirit   .   a - +0 robe
rPois   .          Reflect  .   (helmet currently unavailable)
rElec   .          Harm     .   (no cloak)
rCorr   .          Rampage  .   (gloves unavailable)
Will    .....                   (boots unavailable)
Stlth   +.........              (no amulet)
HPRegen 0.91/turn               (no ring)
MPRegen 0.08/turn               (no ring)

@: lethally poisoned (-4 -> -5), appendages (expiring), held
A: horns 2, talons 2, large, unfitting armour, claws 3, regeneration 1, shaggy
fur 1, tough skin 1
a: End Transformation


You were on level 2 of the Dungeon.
You had temporarily grown beastly horns and talons.
You visited 1 branch of the dungeon, and saw 2 of its levels.

You collected 78 gold pieces.

Inventory:

Armour
 a - a +0 robe (worn)
Scrolls
 c - a scroll of identify {unknown}
 e - a scroll of poison {unknown}
 f - a scroll of magic mapping {unknown}
Potions
 b - a potion of lignification
 d - a potion of magic {unknown}
 g - a potion of might {unknown}
 h - a potion of ambrosia {unknown}
 i - a potion of flight {unknown}


   Skills:
 + Level 1.8 Fighting
 - Level 1.5 Dodging
 + Level 3.6 Unarmed Combat
 - Level 1.2 Spellcasting
 + Level 2.1 Transmutations


You had 3 spell levels left.
You knew the following spells:

 Your Spells              Type           Power      Damage    Failure   Level
a - Beastly Appendage     Tmut           10%        N/A       13%         1

Your spell library contained the following spells:

 Spells                   Type           Power      Damage    Failure   Level
 Wereblood                Tmut           5%         N/A       21%         2
 Spider Form              Tmut/Pois      3%         N/A       52%         3
 Ice Form                 Ice/Tmut       3%         N/A       90%         4


Dungeon Overview and Level Annotations

Branches:
Dungeon (2/15)

Altars:


Innate Abilities, Weirdness & Mutations

You have temporarily grown beastly horns and talons.
You are too large for most types of armour.
You have claws for hands.
Your natural rate of healing is unusually fast.
You are covered in fur. (AC +1)
You have tough skin. (AC +1)


Message History

You grow a pair of large bovine horns.
Your feet morph into talons.
A gnoll comes into view. It is wielding a +0 halberd.
The gnoll shouts!
You hear a shout! x2
The gnoll moves out of view.
You hear a shout!
A gnoll comes into view. It is wielding a +0 spear.
You scratch the gnoll.
The gnoll is lightly wounded.
The gnoll hits you with a +0 club!
A gnoll comes into view. It is wielding a +0 club.
You scratch the gnoll. You claw the gnoll.
The gnoll is heavily wounded.
The gnoll hits you with a +0 club.
You barely miss the gnoll. You claw the gnoll.
The gnoll is severely wounded.
The gnoll hits you with a +0 club.
You claw the gnoll!
You kill the gnoll!
The gnoll closely misses you.
A kobold comes into view. It is wielding a +2 dagger of venom.
Your transformation is almost over.
The kobold shouts!
The gnoll barely misses you.
You scratch the gnoll. You claw the gnoll. You headbutt the gnoll!
You kill the gnoll!
The kobold hits you but does no damage.
You are poisoned.
You feel sick.
You feel sick.
You scratch the kobold.
You kill the kobold!
You feel sick.
The gnoll hits you from afar with a +0 halberd!
You feel sick.
The gnoll throws a throwing net.
The throwing net hits you.
You become entangled in the net!
You struggle against the net.
You feel sick.
The gnoll hits you from afar with a +0 halberd!
* * * LOW HITPOINT WARNING * * *
The gnoll hits you with a +0 club!
You die...

.......... #######.#
......#)## ##.#
......#.# ######..#
........#
########......##
.....##..
.......#.###.## .#...#
.## #........# #.##
######
##.##.##.....###..#
#........#.......#
#.##@##.##.##.#
##.##.##g##.##.......~
......))g...#####.#..#
##.##.##.##.# ..###.#
#. ........ ..# #
................#
..#..##.#.##.....# ##
#.. ..#.# ..... ...
#..#.# #####


You could see 2 gnolls.

Vanquished Creatures
  2 gnolls (D:2)
  A worm (D:2)
  2 dart slugs (D:1)
  6 bats
  2 endoplasms (D:1)
  2 giant cockroaches (D:1)
  2 goblins (D:1)
  3 hobgoblins (D:1)
  3 ball pythons
  5 frilled lizards (D:1)
  5 kobolds
  5 rats (D:1)
38 creatures vanquished.

Notes
Turn   | Place    | Note
-------+----------+-------------------------------------------
     0 | D:1      | MacCMillion the Troll Transmuter began the quest for the
                  | Orb.
     0 | D:1      | Reached XP level 1. HP: 18/18 MP: 1/1
    63 | D:1      | Reached skill level 1 in Fighting
    75 | D:1      | Reached XP level 2. HP: 25/27 MP: 0/2
   326 | D:1      | Reached XP level 3. HP: 33/33 MP: 3/3
   805 | D:2      | Slain by a gnoll

Illustrated notes

Levels and vault maps discovered:
D:1:      dpeg_arrival_stone_temple_mockup, layout_rooms, amethyst_killhole,
          minmay_cupped
D:2:      layout_loops_cross, basic_altar, serial_rivers,
          chequers_serial_rivers_room_b, chequers_serial_rivers_small_3,
          chequers_serial_rivers_micro_e, chequers_serial_rivers_large_b,
          chequers_serial_rivers_micro_a, chequers_serial_rivers_micro_b,
          minivault_23

Skill      XL: |  1  2  3 |
---------------+----------+-----
Fighting       | 1 |  1.8
Transmutations | 2 |  2.1
Dodging        | |  1.5
Unarmed Combat | |  3.6
Spellcasting   | |  1.2

Action                   || total
-------------------------++-------
Melee: Unarmed           ||    73
       Headbutt          ||     3
       Kick              ||     6
       Punch             ||     1
 Cast: Beastly Appendage ||    13
Armor: Robe              ||    28
Dodge: Dodged            ||    34
